Map: Ulrena

Players

Gerd

  • Race: Zerg Zerg
  • League: Master

Flox - Winner!

  • Race: Terran Terran
  • League: Master

VOD

Have the link to the VOD?

Description

Time

  • Played on: Nov. 27, 2015, 2:56 p.m.
  • Length: 7:51
Show
View Real Time Build Order
Export as new Build Order

Gerd Zerg 

Build Orders: Hatch First 

Get SALT Encoding   

  12  0:00  Drone  
  13  0:12  Overlord  
  13  0:17  Drone  
  14  0:30  Drone x2  
  14  0:34  Drone  
  17  0:52  Hatchery  
  17  0:54  Drone  
  17  0:58  Drone  
  18  1:08  Extractor  
  17  1:13  Spawning Pool  
  17  1:16  Drone  
  17  1:19  Drone  
  18  1:28  Drone  
  19  1:40  Overlord  
  19  2:00  Queen  
  21  2:02  Zergling x4  
  21  2:03  Queen  
  21  2:07  Metabolic Boost  
  25  2:13  Zergling x4  
  27  2:26  Drone x2  
  29  2:46  Zergling x2  
  29  2:47  Zergling x6  
  33  2:55  Baneling Nest, Zergling x4  
  34  3:05  Overlord  
  34  3:13  Overlord  
  34  3:15  Zergling x2  
  34  3:16  Zergling x2  
  36  3:26  Zergling x8  
  36  3:27  Zergling x4  
  42  3:38  Zergling x4  
  44  3:48  Zergling x2  
  45  3:49  Zergling x10  
  46  4:05  Zergling x2  
  46  4:06  Zergling x4  
  37  4:30  Zergling x14  
  43  4:45  Zergling x6  
  38  5:01  Zergling x2  
  38  5:02  Zergling x2  
  37  5:16  Zergling x6  
  37  5:17  Zergling x2  
  41  5:27  Zergling x4  
  41  5:28  Zergling x10  
  47  5:37  Roach Warren  
  43  5:57  Baneling x10  
  43  6:03  Zergling x2  
  45  6:04  Zergling x20  
  46  6:34  Roach x3  
  46  6:36  Overlord x2  
  48  7:01  Roach x5  
  50  7:12  Roach x2  
  50  7:13  Roach x2  
Show
View Real Time Build Order
Export as new Build Order

Flox Terran - Winner!

Build Orders:  

Get SALT Encoding   

  12  0:00  SCV  
  13  0:12  SCV  
  14  0:17  Supply Depot  
  14  0:24  SCV  
  15  0:39  SCV  
  15  0:40  Barracks  
  16  0:44  Refinery  
  16  0:51  SCV  
  17  1:01  Barracks  
  17  1:03  SCV  
  18  1:10  Refinery  
  18  1:15  SCV  
  19  1:27  SCV, Reaper  
  21  1:37  Barracks  
  21  1:47  Supply Depot  
  21  1:51  Reaper  
  23  2:04  Reaper  
  23  2:09  Orbital Command  
  23  2:24  Barracks  
  23  2:27  Reaper  
  24  2:31  Reaper  
  25  2:37  SCV  
  25  2:41  Reaper  
  27  2:50  Supply Depot  
  26  2:56  SCV  
  27  3:00  Reaper  
  27  3:04  Reaper  
  29  3:08  SCV  
  29  3:12  Supply Depot, Reaper  
  31  3:14  Reaper  
  32  3:20  SCV  
  33  3:32  SCV, Reaper  
  35  3:36  Reaper  
  36  3:44  Reaper  
  36  3:46  Reaper  
  38  3:50  Command Center  
  38  4:03  SCV  
  38  4:04  Reaper  
  38  4:08  Reaper  
  40  4:18  Reaper  
  40  4:19  Reaper  
  41  4:36  Command Center, Reaper  
  41  4:45  Reaper  
  42  4:54  Reaper  
  42  4:56  SCV  
  44  5:01  Reaper  
  45  5:08  Reaper  
  46  5:22  Reaper  
  47  5:37  Barracks  
  47  5:38  Barracks x2  
  47  5:39  Barracks  
  47  5:48  SCV, Reaper x3  
  51  6:05  Reaper  
  52  6:14  Supply Depot  
  52  6:15  Supply Depot  
  52  6:16  Supply Depot  
  52  6:20  Reaper x2  
  54  6:30  Orbital Command  
  54  6:35  Reaper x2  
  54  6:37  Reaper  
  54  6:38  Supply Depot  
  57  6:40  Reaper  
  56  7:01  Reaper x2  
  56  7:02  SCV  
  56  7:06  Refinery  
  56  7:07  SCV, Refinery  
  60  7:08  Reaper  
  60  7:14  SCV  
Tags
 
Add a new tag
Caveats
  • Supply blocks, unpowered buildings, or Contaminate may cause inaccurate times.
  • Supply counts are checked every 10 seconds.